 Dungeon Crawl Stone Soup version 0.24.0-123-gd5b16e6ec5 (webtiles) character file.

Game seed: 17889642392679222772, levelgen mode: deterministic

95 Curus the Twirler (level 4, -9/26 HPs)
             Began as a Gargoyle Gladiator on Jan 15, 2020.
             Mangled by an ogre
             ... wielding a +0 giant spiked club
              (10 damage)
             ... on level 3 of the Dungeon.
             The game lasted 00:05:35 (2126 turns).

Curus the Twirler (Gargoyle Gladiator)              Turns: 2126, Time: 00:05:36

Health: -9/26      AC: 13    Str: 17 (19) XL:     4   Next: 66%
Magic:  4/4        EV:  7    Int:  9      God:
Gold:   77         SH:  0    Dex: 13 (14) Spells: 3/3 levels left

rFire    . . .     SeeInvis .   a - +1 quarterstaff
rCold    . . .     Gourm    .   (shield currently unavailable)
rNeg     + . .     Faith    .   i - +0 chain mail
rPois    ∞         Spirit   .   c - +1 helmet
rElec    +         Reflect  .   (no cloak)
rCorr    .         Harm     .   (no gloves)
MR       +....     Rnd*Rage +   (no boots)
Stlth    ..........             (no amulet)
HPRegen  0.08/turn              e - ring of protection from magic
MPRegen  0.09/turn              (no ring)

@: no status effects
A: hooves 1, thin skeletal structure 1, berserk 1, negative energy resistance 1,
electricity resistance, strong 1, unbreathing, petrification resistance, rot
immunity, AC +3
a: no special abilities


You were on level 3 of the Dungeon.
You were not hungry.

You visited 1 branch of the dungeon, and saw 3 of its levels.

You collected 77 gold pieces.

Inventory:

Hand Weapons
 a - a +1 quarterstaff (weapon)
Missiles
 d - 3 throwing nets (quivered)
Armour
 b - a +0 leather armour
 c - a +1 helmet (worn)
 h - a +0 ring mail
 i - a +0 chain mail (worn)
Jewellery
 e - a ring of protection from magic (left hand)
Scrolls
 g - a scroll of amnesia
Potions
 j - 2 potions of curing
Comestibles
 f - 4 rations


   Skills:
 - Level 2.1 Fighting
 + Level 5.2 Staves
 - Level 1.7 Throwing
 - Level 2.4 Dodging


You had 3 spell levels left.
You didn't know any spells.
Your spell library was empty.

Dungeon Overview and Level Annotations

Branches:
Dungeon (3/15)

Altars:


Innate Abilities, Weirdness & Mutations

You are resistant to torment.
Your stone body is resilient. (AC +3)
You are immune to poison.
You resist negative energy. (rN+)
You are resistant to electric shocks. (rElec)
You can survive without breathing.
You are immune to petrification.
You are immune to rotting.
You have large cloven feet.
You have a somewhat thin skeletal structure. (Dex +2, Stealth)
You tend to lose your temper in combat.
Your muscles are strong. (Str +2)


Message History

You kill the jackal!
You recover from your berserk rage.
You closely miss the jackal. The jackal barely misses you. x2
You sock the jackal!
You kill the jackal!
You see here a jackal corpse.
Things that are here:
a +0 flail; an orc corpse
Things that are here:
a +0 club; a stone An ogre comes into view.
It is wielding a +0 giant spiked club.
You hit the ogre. You kick the ogre.
The ogre is lightly wounded.
The ogre hits you with a +0 giant spiked club!!
Ouch! That really hurt!
* * * LOW HITPOINT WARNING * * *
You sock the ogre! Your kick misses the ogre.
The ogre is severely wounded.
The ogre hits you with a +0 giant spiked club!
You die...

#........## ##
..#.##.##.#..... .
...........!..[## #.
...............# #.
#...........#.## #..
#..#..#...#.#.#
.###..##..#..#...#.###
.................#.#.#
#....O@.....#.....#.###
###..#..#######.#.....#
#.........#####.#.#.###
.........##......#.#....
.........##.######.#.###
.#.########.# #...... #
#.# ###.##. #.# #.##.
..# #....


You could see an ogre.

Vanquished Creatures
  An orc wizard (D:3)
  An adder (D:2)
  A worm (D:2)
  A dart slug (D:3)
  5 orcs (D:3)
  A bat (D:1)
  3 giant cockroaches (D:1)
  3 goblins
  6 hobgoblins
  4 jackals (D:3)
  A ball python (D:2)
  8 frilled lizards (D:1)
  8 kobolds
  6 rats
49 creatures vanquished.

Notes
Turn   | Place    | Note
-------+----------+-------------------------------------------
     0 | D:1      | Curus the Gargoyle Gladiator began the quest for the Orb.
     0 | D:1      | Reached XP level 1. HP: 12/12 MP: 1/1
   159 | D:1      | Reached XP level 2. HP: 16/17 MP: 2/2
   441 | D:1      | Gained mutation: You have a somewhat thin skeletal
                  | structure. (Dex +2, Stealth) [potion of mutation]
   441 | D:1      | Gained mutation: You tend to lose your temper in combat.
                  | [potion of mutation]
   441 | D:1      | Gained mutation: You have large cloven feet. [potion of
                  | mutation]
   441 | D:1      | Gained mutation: Your muscles are strong. (Str +2) [potion
                  | of mutation]
   515 | D:1      | Reached skill level 4 in Staves
   585 | D:1      | Reached XP level 3. HP: 18/21 MP: 3/3
  2042 | D:3      | Reached XP level 4. HP: 26/26 MP: 4/4
  2049 | D:3      | Reached skill level 5 in Staves
  2121 | D:3      | Noticed an ogre
  2125 | D:3      | HP: 1/26 [ogre/+0 giant spiked club (24)]
  2126 | D:3      | Mangled by an ogre

Levels and vault maps discovered:
D:1:      dpeg_arrival_ternary, layout_basic, serial_rivers,
          chequers_serial_rivers_micro_a, chequers_serial_rivers_room_a,
          chequers_serial_rivers_small_3, chequers_serial_rivers_marsh,
          minmay_lizard_pond
D:2:      layout_basic
D:3:      layout_basic, old_standard_altar

Skill      XL: |  1  2  3  4 |
---------------+-------------+-----
Staves         | 4 5 |  5.2
Fighting       | |  2.1
Throwing       | |  1.7
Dodging        | |  2.4

Action                   |  1- 3 |  4- 6 || total
-------------------------+-------+-------++-------
Melee: Quarterstaff      |    95 |    21 ||   116
       Kick              |    13 |     6 ||    19
  Use: Potion            |     7 |       ||     7
       Scroll            |     8 |       ||     8
  Eat: Chunk             |     3 |     1 ||     4
Armor: Leather armour    |    16 |       ||    16
       Chain mail        |     9 |    12 ||    21
       Ring mail         |     1 |       ||     1
Dodge: Dodged            |    41 |     9 ||    50
